 Dungeon Crawl Stone Soup version 0.21-a0-8-gcf94df6 (webtiles) character file.

375 EvilAshe the Gusty (level 6, -2/32 HPs)
             Began as a Deep Elf Air Elementalist on May 23, 2017.
             Slain by an ogre
             ... wielding a +0 giant club
              (19 damage)
             ... on level 4 of the Dungeon.
             The game lasted 00:15:50 (4999 turns).

EvilAshe the Gusty (Deep Elf Air Elementalist)      Turns: 4999, Time: 00:15:50

Health: -2/32      AC:  5    Str:  5    XL:     6   Next: 44%
Magic:  12/15      EV: 13    Int: 22    God:
Gold:   287        SH:  3    Dex: 15    Spells: 4/14 levels left

rFire    . . .     SeeInvis .   d - +0 whip
rCold    . . .     Gourm    .   l - +0 buckler
rNeg     . . .     Faith    .   a - +0 robe
rPois    .         Spirit   .   t - +2 helmet
rElec    .         Reflect  .   (no cloak)
rCorr    .         Harm     .   (no gloves)
MR       .....                  (no boots)
Stlth    ++........             (no amulet)
Regen    0.1/turn               (no ring)
MPRegen  0.2/turn               (no ring)

@: no status effects
A: no striking features
a: no special abilities


You were on level 4 of the Dungeon.
You were not hungry.

You visited 1 branch of the dungeon, and saw 5 of its levels.

You collected 287 gold pieces.

Inventory:

Hand Weapons
 d - a +0 whip (weapon)
Armour
 a - a +0 robe (worn)
 l - a +0 buckler (worn)
 t - a +2 helmet (worn)
Scrolls
 e - 2 scrolls of amnesia {unknown}
 f - 3 scrolls of fog
 o - a scroll of recharging {unknown}
 q - a scroll of fear {unknown}
 s - 2 scrolls of remove curse {unknown}
 u - a scroll of random uselessness {unknown}
 w - 4 scrolls of teleportation {unknown}
 x - a scroll of enchant armour {unknown}
Potions
 g - a potion of cancellation {unknown}
 h - 5 potions of curing
 j - 3 potions of brilliance {unknown}
 m - 3 potions of heal wounds
 n - 2 potions of agility {unknown}
 r - a potion of mutation {unknown}
 v - a potion of flight {unknown}
Books
 b - a book of Air

   Spells                             Type                      Level
   a - Shock                          Conjuration/Air              1
   b - Swiftness                      Charms/Air                   2
   c - Static Discharge               Conjuration/Air              3
   d - Airstrike                      Air                          4
   e - Lightning Bolt                 Conjuration/Air              5
Comestibles
 c - 3 bread rations
 i - 2 meat rations
 k - 2 royal jellies
 p - 6 chunks of flesh


   Skills:
 + Level 3.9 Dodging
 - Level 2.4 Stealth
 + Level 4.6 Spellcasting
 + Level 4.0 Conjurations
 * Level 5.0 Air Magic


You had 4 spell levels left.
You knew the following spells:

 Your Spells              Type           Power        Failure   Level  Hunger
a - Shock                 Conj/Air       ####         2%          1    None
d - Static Discharge      Conj/Air       ####....     9%          3    ##.....
t - Airstrike             Air            ####......   22%         4    ####...
w - Swiftness             Chrm/Air       ###.....     10%         2    None


Dungeon Overview and Level Annotations

Branches:
Dungeon (5/15)
 Temple: D:4-7

Altars:
Hepliaklqana
Nemelex Xobeh
Zin
The Shining One

Annotations:
D:1 1 runed door
D:4 exclusion: centaur, Sigmund
D:5 Samos's ghost, novice SpEn


Message History

Casting: Shock
Confirm with . or Enter, or press ? or * to list all spells.
Aiming: Shock
Press: ? - help, Shift-Dir - straight line The zap hits the ogre.
The ogre is lightly wounded.
The zap hits the ogre.
The ogre is moderately wounded.
The ogre hits you with a giant club!
Casting: Shock
Confirm with . or Enter, or press ? or * to list all spells.
Aiming: Shock
Press: ? - help, Shift-Dir - straight line The zap hits the ogre.
The ogre is moderately wounded.
The zap hits the ogre.
The ogre is heavily wounded.
The ogre hits you with a giant club!!
Ouch! That really hurt!
You die...

#.....##'#...............#
#......>......############
#.............'.........#
####.............#.........
.................#.....##.
.................#.....######
.....)...........#.....#....#
.................#.....'....#
................@###'###....#
................O...........#
........................##'##
........................#..#
...########'#####..>....#..#
...#............####'####..#
...#.............#.....#####
...#...........>.#......#
...#.............#......#


You could see an ogre.

Vanquished Creatures
  The ghost of smzp the Charmwright, an amateur MfSk of Makhleb (D:3)
  2 scorpions
  A hound skeleton (D:4)
  2 gnolls (D:4)
  4 adders
  An ooze (D:3)
  4 worms
  2 dart slugs
  3 leopard geckos
  8 orcs
  2 giant cockroaches
  12 goblins
  13 hobgoblins
  6 jackals
  19 kobolds
  2 quokkas (D:4)
  A ball python (D:3)
  4 bats
  9 frilled lizards
  6 rats
102 creatures vanquished.

Notes
Turn   | Place    | Note
-------+----------+-------------------------------------------
     0 | D:1      | EvilAshe the Deep Elf Air Elementalist began the quest for the Orb.
     0 | D:1      | Reached XP level 1. HP: 10/10 MP: 6/6
     0 | D:1      | Noticed a jelly
     9 | D:1      | Found a runed door.
   322 | D:1      | Reached XP level 2. HP: 15/15 MP: 1/8
   830 | D:1      | Learned a level 2 spell: Swiftness
  1139 | D:2      | Found a hazy altar of Hepliaklqana.
  1221 | D:2      | Found a sparkling altar of Nemelex Xobeh.
  1376 | D:2      | Reached XP level 3. HP: 18/19 MP: 7/10
  2220 | D:3      | Noticed smzp's ghost (amateur MfSk)
  2428 | D:3      | Reached XP level 4. HP: 24/24 MP: 8/12
  2584 | D:3      | Learned a level 4 spell: Airstrike
  2913 | D:3      | Found a glowing silver altar of Zin.
  3263 | D:4      | Learned a level 3 spell: Static Discharge
  3423 | D:4      | Reached XP level 5. HP: 28/28 MP: 10/13
  3440 | D:4      | Reached skill level 4 in Air Magic
  3618 | D:3      | Killed smzp's ghost
  3821 | D:3      | Found a glowing golden altar of the Shining One.
  3974 | D:4      | Noticed Sigmund
  4101 | D:3      | Reached XP level 6. HP: 22/32 MP: 8/14
  4473 | D:4      | Reached skill level 5 in Air Magic
  4591 | D:5      | Entered Level 5 of the Dungeon
  4591 | D:5      | Noticed Samos's ghost (novice SpEn)
  4999 | D:4      | Slain by an ogre

Vault maps used:
D:1:      dpeg_arrival_caged_fury
D:2:      nemelex_xobeh_ov_fountains_minmay, lemuel_coloured_pillars_altar
D:3:      tso_altar, zin_statuary, first_bread
D:4:      corexii_shantytown, uniq_sigmund

Skill      XL: |  1  2  3  4  5  6 |
---------------+-------------------+-----
Conjurations   | 2 3 4 |  4.0
Spellcasting   | 4 |  4.6
Dodging        | 3 |  3.9
Air Magic      | 4 5 |  5.0
Stealth        | |  2.4

Action                   |  1- 3 |  4- 6 || total
-------------------------+-------+-------++-------
Melee: Whip              |    31 |    52 ||    83
 Cast: Shock             |    77 |   127 ||   204
  Use: Scroll            |       |     3 ||     3
 Stab: Sleeping          |     1 |     2 ||     3
  Eat: Chunk             |     4 |     5 ||     9
       Fruit             |       |     4 ||     4
Armor: Robe              |     9 |    19 ||    28
Dodge: Dodged            |    40 |    69 ||   109
Block: Buckler           |     1 |    14 ||    15
